 Dungeon Crawl Stone Soup version 0.18-a0-884-gb6cfd45 (webtiles) character file.

47 filipzpl the Skirmisher (level 3, -7/24 HPs)
             Began as a Gargoyle Berserker on Dec 22, 2015.
             Was a Believer of Trog.
             Mangled by Sigmund
             ... wielding a +0 scythe
              (9 damage)
             ... on level 2 of the Dungeon.
             The game lasted 00:07:32 (1248 turns).

filipzpl the Skirmisher (Gargoyle Berserker)        Turns: 1248, Time: 00:07:32

Health: -7/24      AC: 13    Str: 21    XL:     3   Next: 70%
Magic:  3/3        EV:  8    Int:  7    God:    Trog [**....]
Gold:   102        SH:  0    Dex:  9    Spells: 0 memorised, 2 levels left

rFire  . . .     SeeInvis .     a - +0 mace
rCold  . . .     Gourm    .     r - +0 chain mail
rNeg   + . .     Faith    .     (no shield)
rPois  ∞         Spirit   .     (no helmet)
rElec  +         Dismiss  .     e - +0 cloak
rCorr  +         Reflect  .     (no gloves)
SustAt .         Harm     .     (no boots)
MR     .....                    n - amulet of resist corrosion
Stlth  ..........               (no ring)
                                (no ring)

@: confused, not resistant to hostile enchantments, extremely unstealthy
A: negative energy resistance 1, electricity resistance, unbreathing,
petrification resistance, rot immunity, AC +3
a: Berserk, Trog's Hand, Burn Spellbooks, Renounce Religion


You were on level 2 of the Dungeon.
You worshipped Trog.
Trog was pleased with you.
You were very hungry.

You visited 1 branch of the dungeon, and saw 2 of its levels.

You collected 102 gold pieces.

Inventory:

Hand Weapons
 a - a +0 mace (weapon)
Armour
 e - a +0 cloak (worn)
 r - a +0 chain mail (worn)
Jewellery
 f - an uncursed ring of poison resistance {unknown}
 k - an uncursed ring of fire {unknown}
 n - an amulet of resist corrosion (around neck)
Scrolls
 i - 2 scrolls of identify
 j - a scroll of remove curse {unknown}
 l - a scroll of magic mapping {unknown}
Potions
 o - a potion of invisibility {unknown}
 p - a potion of cure mutation {unknown}
 q - a potion of lignification {unknown}
Comestibles
 c - 2 bread rations
 d - a beef jerky
 h - a meat ration
 m - a royal jelly


   Skills:
 + Level 3.8 Fighting
 + Level 3.4 Maces & Flails
 + Level 2.5 Armour
 + Level 2.1 Dodging
 + Level 0.2 Stealth


You had 2 spell levels left.
You didn't know any spells.

Dungeon Overview and Level Annotations

Branches:
Dungeon (2/15)

Altars:

Annotations:
D:2 Sigmund


Innate Abilities, Weirdness & Mutations

You are resistant to torment.
Your stone body is resilient (AC +3).
You are immune to poison.
You resist negative energy.
You are resistant to electric shocks.
You can survive without breathing.
You are immune to petrification.
You are immune to rotting.


Message History

No target in view!
No target in view!
Something hits you!
No target in view!
Something hits you!
* * * LOW HITPOINT WARNING * * *
You are too injured to fight recklessly!
You hear some strange, mumbled words.
You are confused.
You bump into the rock wall.
You hear some strange, mumbled words.
You are more confused.
Something hits you but does no damage.
You bump into the rock wall.
Something hits you.
* * * LOW HITPOINT WARNING * * *
Something completely misses you. Something hits you but does no damage.
You barely miss something. Something completely misses you.
You barely miss something. Something hits you!
You die...

................##.....###.....#
#.#####...#####................#
#.# #...# ################## #.#
#...# #.# #...# +# #.# #...# #.#
..## ..#######..# ######## ##.##
..........# #....... ..#.##
########@## .##.##.
.###.###########{# #. ##
##............#### #.
.###.###............# #. #.#.##
#.#.#.....##.# #$ ...##
#†#.##.#..##.# .. #.##
#{#.......##.# ## ..#
#.####.##.##.# #.# ... #.##.##.#


There were no monsters in sight!

Vanquished Creatures
  2 giant geckos
  A ball python (D:1)
  3 bats
  4 hobgoblins (D:1)
  6 jackals
  10 kobolds
  3 quokkas (D:2)
  5 giant newts
  6 goblins
  2 rats (D:2)
42 creatures vanquished.

Notes
Turn   | Place    | Note
--------------------------------------------------------------
     0 | D:1      | filipzpl the Gargoyle Berserker began the quest for the Orb.
     0 | D:1      | Reached XP level 1. HP: 14/14 MP: 1/1
    45 | D:1      | Reached XP level 2. HP: 6/19 MP: 2/2
   321 | D:1      | Reached ** piety under Trog
   321 | D:1      | Reached XP level 3. HP: 12/24 MP: 3/3
  1214 | D:2      | Noticed Sigmund
  1248 | D:2      | Mangled by Sigmund

Vault maps used:
D:1:      dpeg_arrival_tiny_h
D:2:      gammafunk_temple_overflow_elements, first_bread, uniq_sigmund

Action                   || total
-------------------------++-------
Melee: Mace              ||   148
  Use: Scroll            ||     1
